 Dungeon Crawl Stone Soup version 0.18-a0-1677-g2bdad6c (webtiles) character file.

135 George the Slasher (level 4, -3/39 HPs)
             Began as a Minotaur Fighter on Apr 2, 2016.
             Slain by an orc priest
             ... wielding a +0 flail
              (5 damage)
             ... on level 2 of the Dungeon.
             The game lasted 00:02:21 (1551 turns).

George the Slasher (Minotaur Fighter)               Turns: 1551, Time: 00:02:21

Health: -3/39      AC:  8    Str: 21    XL:     4   Next: 96%
Magic:  3/3        EV:  7    Int:  5    God:
Gold:   40         SH:  9    Dex: 10    Spells: 0 memorised, 3 levels left

rFire  . . .     SeeInvis .     a - +0 long sword
rCold  . . .     Gourm    .     b - +0 scale mail
rNeg   . . .     Faith    .     c - +0 shield
rPois  .         Spirit   .     (helmet restricted)
rElec  .         Dismiss  .     (no cloak)
rCorr  .         Reflect  .     g - +0 pair of gloves
SustAt .         Harm     .     (no boots)
MR     .....                    (no amulet)
Stlth  ..........               (no ring)
                                (no ring)

@: not resistant to hostile enchantments, extremely unstealthy
A: retaliatory headbutt, horns 2
a: no special abilities


You were on level 2 of the Dungeon.
You were not hungry.

You visited 1 branch of the dungeon, and saw 3 of its levels.

You collected 40 gold pieces.

Inventory:

Hand Weapons
 a - a +0 long sword (weapon)
Armour
 b - a +0 scale mail (worn)
 c - a +0 shield (worn)
 g - a +0 pair of gloves (worn)
Jewellery
 m - an uncursed ring of ice {unknown}
Scrolls
 h - a scroll of blinking {unknown}
 k - a scroll of enchant armour {unknown}
Potions
 d - a potion of might
 n - a potion of magic {unknown}
 o - 2 potions of heal wounds {unknown}
 p - a potion of brilliance {unknown}
Comestibles
 f - 2 bread rations
 i - 4 meat rations
 j - a slice of pizza
 l - 2 beef jerkies


   Skills:
 - Level 3.6 Fighting
 + Level 6.3 Long Blades
 - Level 3.6 Armour
 - Level 3.6 Shields


You had 3 spell levels left.
You didn't know any spells.

Dungeon Overview and Level Annotations

Branches:
Dungeon (3/15)

Altars:
Fedhas
Makhleb
Ru
Sif Muna
Trog

Annotations:
D:3 Sigmund


Innate Abilities, Weirdness & Mutations

You reflexively headbutt those who attack you in melee.
You have a pair of horns on your head.


Message History

Something hits you!
* * * LOW HITPOINT WARNING * * *
There is a stone staircase leading up here.
The orc priest hits you but does no damage.
You climb upwards.
There is a stone staircase leading down here.
You feel less confused. You block the orc priest's attack.
There is a stone staircase leading down here.
You closely miss the orc priest.
The orc priest is heavily wounded.
The orc priest barely misses you.
You hit the orc priest but do no damage.
The orc priest is heavily wounded.
The orc priest hits you with a flail.
* * * LOW HITPOINT WARNING * * *
You hit the orc priest.
The orc priest is almost dead.
The orc priest hits you with a flail.
You die...

############
#.################
...........# #.#
#...(....### #).........#
#.# #.##...#....
#..........# #.#
#...........
#..†.......#####.#
#....(......
#................#
#...........
#................#
#.####.#####
#................#####.##
#.# #
########........@+..[...#
#.# # #........o)#####.#
#(# #
#............###.###.#####
#.........#...............
###########.##....###.....
#####.####..........
#........#..........
#........#..........
#...÷....#..........


You could see an orc priest.

Vanquished Creatures
  A crimson imp (D:2)
  An orc wizard (D:2)
  An adder (D:2)
  An ooze (D:2)
  2 worms (D:2)
  A giant gecko (D:1)
  2 orcs (D:3)
  10 bats
  3 giant cockroaches
  5 hobgoblins
  7 jackals
  4 kobolds
  A quokka (D:3)
  A ball python (D:2)
  5 goblins
  7 rats
52 creatures vanquished.

Notes
Turn   | Place    | Note
--------------------------------------------------------------
     0 | D:1      | George the Minotaur Fighter began the quest for the Orb.
     0 | D:1      | Reached XP level 1. HP: 19/19 MP: 0/0
    44 | D:1      | Reached skill level 3 in Long Blades
    46 | D:1      | Reached XP level 2. HP: 26/26 MP: 1/1
   604 | D:1      | Reached skill level 4 in Long Blades
   699 | D:2      | Reached XP level 3. HP: 22/31 MP: 2/2
  1023 | D:2      | Found a sacrificial altar of Ru.
  1031 | D:2      | Reached skill level 5 in Long Blades
  1031 | D:2      | Reached XP level 4. HP: 36/39 MP: 3/3
  1353 | D:2      | Found a burning altar of Makhleb.
  1360 | D:2      | Reached skill level 6 in Long Blades
  1389 | D:2      | Found a bloodstained altar of Trog.
  1392 | D:2      | Found a blossoming altar of Fedhas.
  1398 | D:2      | Found a deep blue altar of Sif Muna.
  1522 | D:3      | Noticed Sigmund
  1550 | D:2      | HP: 1/39 [orc priest/flail (5)]
  1551 | D:2      | Slain by an orc priest

Vault maps used:
D:1:      elethiomel_arrival_shortcut
D:2:      grunt_temple_overflow_open, makhleb_grotto_becter, first_bread,
          nicolae_ru_great_annihilating_truth
D:3:      uniq_grinder, uniq_terence, uniq_sigmund

Skill      XL: |  1  2  3  4 |
---------------+-------------+-----
Long Blades    | 3 4 5 6 |  6.3
Fighting       | |  3.6
Armour         | |  3.6
Shields        | |  3.6

Action                   |  1- 3 |  4- 6 || total
-------------------------+-------+-------++-------
Melee: Long sword        |   112 |    46 ||   158
  Eat: Chunk             |       |     2 ||     2
